 Dungeon Crawl Stone Soup version 0.21.1-1-g345015fe64 (webtiles) character file.

85176 Losanti the Severer (level 15, -4/141 HPs)
             Began as a Minotaur Berserker on June 14, 2018.
             Was the Champion of Trog.
             Killed from afar by a deep elf sorcerer (46 damage)
             ... with damnation
             ... on level 1 of the Elven Halls.
             The game lasted 03:28:33 (26329 turns).

Losanti the Severer (Minotaur Berserker)           Turns: 26329, Time: 03:28:33

Health: -4/141     AC: 21    Str: 22    XL:     15   Next: 37%
Magic:  4/14       EV: 13    Int:  4    God:    Trog [******]
Gold:   1286       SH: 17    Dex: 16    Spells: 14/14 levels left

rFire    . . .     SeeInvis .   U - +3 broad axe (flame)
rCold    . . .     Gourm    .   E - +0 shield
rNeg     . . .     Faith    .   Y - +3 plate armour
rPois    .         Spirit   .   (helmet restricted)
rElec    .         Reflect  +   W - +1 cloak
rCorr    .         Harm     .   a - +1 pair of gloves
MR       ++++.                  (no boots)
Stlth    ..........             G - +3 amulet of reflection
HPRegen  1.33/turn              i - +3 ring of evasion
MPRegen  0.14/turn              X - ring of Boqaci {MR+ Stlth+}

@: about to teleport, corroded, regenerating
A: retaliatory headbutt, horns 2
a: Berserk, Trog's Hand, Brothers in Arms, Burn Spellbooks, Renounce Religion


You were on level 1 of the Elven Halls.
You worshipped Trog.
Trog was exalted by your worship.
You were not hungry.

You visited 5 branches of the dungeon, and saw 23 of its levels.
You also visited: Labyrinth and Ossuary.

You collected 1768 gold pieces.
You spent 482 gold pieces at shops.

Inventory:

Hand Weapons
 y - a +0 antimagic war axe
 U - a +3 broad axe of flaming (weapon)
Armour
 a - a +1 pair of gloves (worn)
 d - a +4 ring mail of fire resistance
 E - a +0 shield (worn)
 T - +0 acid dragon scales
 V - +1 ice dragon scales
 W - a +1 cloak (worn)
 Y - a +3 plate armour (worn)
Jewellery
 i - a +3 ring of evasion (left hand)
 r - an uncursed ring of ice
 G - a +3 amulet of reflection (around neck)
 R - an uncursed ring of see invisible
 S - a ring of the Commoners {rC+ MP+9 Int+4 Dex+2 Stlth-}
   (You took it off a minotaur in a labyrinth)

   [ring of magical power]

   It affects your intelligence (+4).
   It affects your dexterity (+2).
   It protects you from cold.
   It affects your magic capacity (+9).
   It makes you less stealthy.
 X - the ring of Boqaci (right hand) {MR+ Stlth+}
   (You found it in a labyrinth)

   [ring of stealth]

   It affects your resistance to hostile enchantments.
   It makes you more stealthy.
Wands
 j - a wand of disintegration (19)
 u - a wand of iceblast (8)
 D - a wand of polymorph (25)
 F - a wand of paralysis (41)
 K - a wand of enslavement (18)
 O - a wand of clouds (6)
 Z - a wand of acid (11)
Scrolls
 e - 3 scrolls of identify
 h - 4 scrolls of amnesia
 k - 5 scrolls of magic mapping
 l - 2 scrolls of remove curse
 o - 6 scrolls of enchant armour
 q - 2 scrolls of blinking
 s - 9 scrolls of teleportation
 t - 6 scrolls of enchant weapon
 v - 5 scrolls of immolation
 x - 2 scrolls of fear
 J - a scroll of summoning {unknown}
 L - 2 scrolls of vulnerability {unknown}
 N - 3 scrolls of torment {unknown}
 P - 2 scrolls of fog {unknown}
Potions
 b - 6 potions of flight
 f - 2 potions of haste
 g - 3 potions of agility
 m - 2 potions of magic
 n - 9 potions of mutation
 p - a potion of might
 w - 3 potions of invisibility
 z - a potion of ambrosia
 A - 4 potions of lignification
 B - a potion of heal wounds
 C - 4 potions of brilliance
 H - 6 potions of curing
 I - a potion of cancellation
 M - a potion of resistance
Comestibles
 c - 17 rations
 Q - a chunk of flesh


   Skills:
 + Level 15.1 Fighting
 - Level 18.0 Axes
 + Level 15.1 Armour
 - Level 5.7 Dodging
 - Level 15.0 Shields


You had 14 spell levels left.
You didn't know any spells.

Dungeon Overview and Level Annotations

Branches:
Dungeon (13/15)              Lair (6/6) D:8          Shoals (0/4) Lair:2
  Snake (0/4) Lair:2        Slime (1/5) Lair:6          Orc (2/2) D:12
    Elf (1/3) Orc:2
 Temple: D:4-7       Vaults: D:13-14

Altars:
Cheibriados
Elyvilon
Gozag
Kikubaaqudgha
Makhleb
Nemelex Xobeh
Okawaru
Qazlal
Sif Muna
Vehumet
Wu Jian
Zin
The Shining One
Beogh

Shops:
D:6 ?((   D:9 (   Orc:1 *(   Orc:2 :[!(!

Portals:
Trove: D:10 (give short sword "Suliosi")

Annotations:
D:6 1 runed door
D:13 1 runed door
Lair:5 exclusion: oklob plant


Innate Abilities, Weirdness & Mutations

You reflexively headbutt those who attack you in melee.
You have a pair of horns on your head.


Message History

The ice beast disappears in a puff of smoke!
You start resting.
A deep elf sorcerer comes into view. It is wielding a long sword.
You see here a scroll labeled UDIMEUHAFFU.
There is an open door here.
You close the door.
You start resting.
A deep elf sorcerer opens the door.
It is wielding a long sword.
Your skin crawls.
You feel resistant to hostile enchantments.
You feel somewhat more hungry.
The deep elf sorcerer casts a spell at you.
The bolt of acid hits you! The acid corrodes you!
You are splashed with acid!
The acid burns!
* * * LOW HITPOINT WARNING * * *
As you read the scroll of teleportation, it crumbles to dust.
You feel strangely unstable.
The deep elf sorcerer casts a spell at you.
The sphere of damnation explodes!
The damnation engulfs you!
You die...

#.............'..'>.....#
###'##
..............####....###
#..... .............# #...##
#..... .############ ###'#
##(.(. ### #.# #.... .#....
#.# ##... ...... #.# ###'...
...#.. ### #.# ....##.#
....e# #@####)##.....##.#
##.....## ##'#.)))..._..####
.'..#...########e..........#
.e.Y.§Y.e.....#.e..........#
#....#.#.#.#.............##
### ##.#)#.#............##
#.....?.............+
#########.......)...#
#...........#


You could see a deep elf sorcerer and a deep elf mage.

Vanquished Creatures
  Kirke (Lair:6)
  An orc warlord (D:12)
  2 entropy weavers (D:12)
  The ghost of Jannitor the Blocker, a journeyman MiFi of Makhleb (Lair:6)
  2 deep elf demonologists (Elf:1)
  A minotaur (Lab)
  The ghost of spacerossing the Severer, a journeyman MiBe of Trog (D:11)
  Erolcha (D:12)
  Harold (Lair:4)
  2 ogre magi (Orc:2)
  9 hydras
  3 two-headed ogres
  The ghost of chorionicmirror the Blocker, a journeyman DsFi of Hepliaklqana (D:11)
  A queen ant (D:12)
  A death knight (D:13)
  A dancing weapon (Elf:1)
  Nergalle (Lair:2)
  4 deep elf knights
  6 deep elf archers
  2 ugly things
  15 deep elf magi (Elf:1)
  10 orc sorcerers
  2 cyclopes (D:13)
  Maurice (D:10)
  A manticore (D:13)
  5 elephants (Lair:5)
  4 black mambas
  A gargoyle (D:11)
  2 centaur skeletons
  11 spiny frogs
  A rime drake (Lair:2)
  7 komodo dragons
  A queen bee (D:10)
  5 polar bears (Lair:6)
  9 trolls
  6 hornets (Lair:6)
  4 dream sheep (Lair:4)
  9 hippogriffs
  12 blink frogs
  11 spriggans
  3 air elementals (Elf:1)
  4 shadows
  2 water elementals
  36 yaks
  2 wyverns
  A wraith (Ossuary)
  2 basilisks
  A hungry ghost (D:13)
  2 fire elementals
  6 hogs (Lair:6)
  5 vampire mosquitoes (D:13)
  4 wargs
  Menkaure (D:6)
  3 nagas (Lair:2)
  8 soldier ants (D:12)
  An acid dragon (D:13)
  12 water moccasins
  9 porcupines
  3 ice beasts
  17 orc warriors
  2 sky beasts
  A hornet zombie (D:13)
  5 phantoms
  3 black bears
  2 eyes of draining
  4 necrophages
  9 ogres
  7 centaurs
  3 boggarts (Lair:6)
  18 wolves
  10 crocodiles
  2 big kobolds
  17 bullfrogs
  6 scorpions
  29 killer bees (D:10)
  6 wights
  4 electric eels (D:8)
  2 crimson imps (D:13)
  2 lava snakes (Lair:5)
  2 jellies
  10 orc priests
  7 hounds
  32 orc wizards
  3 bullfrog skeletons
  An iguana (D:11)
  23 worker ants
  Natasha (thrice) (D:2)
  A killer bee zombie (D:6)
  3 mummies (Ossuary)
  A worker ant zombie (D:11)
  9 adders
  4 shadow imps
  2 oozes
  2 adder skeletons
  An adder zombie (D:6)
  A worm (D:3)
  7 dart slugs
  8 leopard geckos
  77 orcs
  4 bats
  6 giant cockroaches
  6 goblins
  3 hobgoblins
  7 jackals
  13 kobolds
  7 quokkas
  2 ball pythons
  6 frilled lizards
  2 goblin zombies (Ossuary)
  3 hobgoblin zombies (Ossuary)
  A jackal zombie (D:6)
  3 kobold zombies (Ossuary)
  2 leopard gecko skeletons (D:4)
  An orc zombie (Ossuary)
  A quokka skeleton (D:8)
  8 rats
  A bush (Lair:6)
  3 fungi
  3 plants (Lair:6)
692 creatures vanquished.

Vanquished Creatures (others)
  2 centaurs
  3 fungi
  A plant (Lair:6)
6 creatures vanquished.

Grand Total: 698 creatures vanquished

Notes
Turn   | Place    | Note
-------+----------+-------------------------------------------
     0 | D:1      | Losanti the Minotaur Berserker began the quest for the Orb.
     0 | D:1      | Reached XP level 1. HP: 19/19 MP: 0/0
   247 | D:1      | Reached XP level 2. HP: 22/27 MP: 1/1
   446 | D:1      | Reached skill level 4 in Axes
   472 | D:1      | Reached ** piety under Trog
   655 | D:1      | Reached XP level 3. HP: 29/33 MP: 2/2
  1129 | D:2      | Found an opulent altar of Gozag.
  1246 | D:2      | Noticed Natasha
  1282 | D:2      | Killed Natasha
  1282 | D:2      | Reached skill level 5 in Axes
  1282 | D:2      | Reached skill level 1 in Shields
  1282 | D:2      | Reached XP level 4. HP: 33/41 MP: 3/3
  1384 | D:2      | Noticed Natasha
  1398 | D:2      | Killed Natasha
  1515 | D:2      | Found an iron altar of Okawaru.
  1605 | D:2      | Noticed Natasha
  1613 | D:2      | Killed Natasha
  2194 | D:3      | Reached XP level 5. HP: 47/47 MP: 4/4
  2455 | D:3      | Found a snail-covered altar of Cheibriados.
  2512 | D:3      | Found a glowing silver altar of Zin.
  2704 | D:3      | Found an ornate altar of the Wu Jian Council.
  2840 | D:4      | Found a sparkling altar of Nemelex Xobeh.
  3041 | D:4      | Reached skill level 6 in Axes
  3436 | D:4      | Reached XP level 6. HP: 49/53 MP: 5/5
  3588 | D:4      | Reached skill level 7 in Axes
  3788 | D:5      | Entered Level 5 of the Dungeon
  3881 | D:6      | Found Tonesch's Weapon Shoppe.
  4033 | D:6      | Found a runed door.
  4118 | D:6      | Noticed Menkaure
  4261 | D:6      | Killed Menkaure
  4261 | D:6      | Reached skill level 8 in Axes
  4261 | D:6      | Reached XP level 7. HP: 16/60 MP: 0/6
  4429 | D:6      | Reached skill level 5 in Fighting
  4442 | D:6      | Found a sand-covered staircase.
  4451 | Ossuary  | Entered an ossuary
  4451 | Ossuary  | Noticed a wraith
  4451 | Ossuary  | Noticed a wraith
  4451 | Ossuary  | Noticed a wraith
  4470 | Ossuary  | Reached *** piety under Trog
  4636 | Ossuary  | Noticed a wraith
  4649 | Ossuary  | Killed a wraith
  4649 | Ossuary  | Reached skill level 9 in Axes
  4997 | D:6      | Found Nutipokk's Magic Scroll Shoppe.
  5005 | D:6      | Bought a scroll of teleportation for 42 gold pieces
  5005 | D:6      | Bought a scroll of enchant weapon for 105 gold pieces
  5049 | D:6      | Found a stormy altar of Qazlal.
  5181 | D:6      | Reached XP level 8. HP: 62/69 MP: 5/7
  5248 | D:6      | Found Toonnoor's Antique Weapon Boutique.
  5472 | D:7      | Reached skill level 10 in Axes
  5505 | D:7      | Reached skill level 5 in Armour
  6195 | D:7      | Reached skill level 11 in Axes
  6327 | D:7      | Received a gift from Trog
  6573 | D:7      | Reached XP level 9. HP: 75/75 MP: 8/8
  6771 | D:8      | Noticed a troll
  6780 | D:8      | Killed a troll
  6840 | D:8      | Found a staircase to the Lair.
  6878 | D:8      | Reached **** piety under Trog
  7111 | D:8      | Found a glowing golden altar of the Shining One.
  7895 | D:9      | Noticed a two-headed ogre
  7919 | D:9      | Killed a two-headed ogre
  7919 | D:9      | Reached skill level 12 in Axes
  7919 | D:9      | Reached skill level 5 in Dodging
  7919 | D:9      | Reached skill level 5 in Shields
  8189 | D:9      | Noticed a two-headed ogre
  8203 | D:9      | Killed a two-headed ogre
  8203 | D:9      | Reached XP level 10. HP: 86/86 MP: 9/9
  8462 | D:9      | Found Xoigy Jogeu's Weapon Shoppe.
  8556 | D:9      | Found a white marble altar of Elyvilon.
  8713 | D:10     | Entered Level 10 of the Dungeon
  8815 | D:10     | Reached skill level 13 in Axes
  9097 | D:10     | Noticed Maurice
  9124 | D:10     | Killed Maurice
  9212 | D:10     | Found a portal to a secret trove of treasure.
  9370 | D:9      | Got an ichor-stained long sword {slice}
 10193 | D:10     | Reached XP level 11. HP: 95/95 MP: 10/10
 10233 | D:10     | Reached ***** piety under Trog
 10536 | D:11     | Noticed chorionicmirror's ghost (journeyman DsFi)
 10580 | D:11     | Killed chorionicmirror's ghost
 10580 | D:11     | Reached skill level 14 in Axes
 10842 | D:11     | Noticed spacerossing's ghost (journeyman MiBe)
 10884 | D:11     | Killed spacerossing's ghost
 11451 | D:12     | Received a gift from Trog
 11549 | D:12     | Found a labyrinth entrance.
 11557 | Lab      | Entered a labyrinth
 12572 | Lab      | Noticed a minotaur
 12583 | Lab      | Killed a minotaur
 12585 | Lab      | Got a bound tin ring
 12598 | Lab      | Got a heavily runed granite ring
 12604 | D:12     | Noticed a cyan ugly thing
 12616 | D:12     | Noticed a six-headed hydra
 12628 | D:12     | Killed a three-headed hydra
 12966 | D:12     | Noticed an entropy weaver
 12989 | D:12     | Identified the ring of Boqaci {MR+ Stlth+} (You found it in a labyrinth)
 12991 | D:12     | Identified a ring of the Commoners {rC+ MP+9 Int+4 Dex+2 Stlth-} (You took it off a minotaur in a labyrinth)
 13047 | D:12     | Killed an entropy weaver
 13047 | D:12     | Reached skill level 10 in Fighting
 13047 | D:12     | Reached skill level 15 in Axes
 13115 | D:12     | Reached skill level 10 in Armour
 13165 | D:11     | Killed a cyan ugly thing
 13599 | D:12     | Reached XP level 12. HP: 97/106 MP: 11/11
 13648 | D:12     | Found a staircase to the Orcish Mines.
 13917 | D:12     | Noticed Erolcha
 13925 | D:12     | Killed Erolcha
 14027 | D:12     | Noticed an entropy weaver
 14047 | D:12     | Killed an entropy weaver
 14471 | D:12     | Noticed a queen ant
 14487 | D:12     | Killed a queen ant
 15003 | D:13     | Reached skill level 16 in Axes
 15026 | D:13     | Received a gift from Trog
 15105 | D:13     | Reached skill level 10 in Shields
 15230 | D:13     | Noticed a six-headed hydra
 15242 | D:13     | Killed a two-headed hydra
 15424 | D:13     | Noticed a death knight
 15548 | D:13     | Found a runed door.
 15591 | D:13     | Noticed a two-headed ogre
 15603 | D:13     | Killed a two-headed ogre
 15782 | D:13     | Killed a death knight
 15814 | D:13     | Reached XP level 13. HP: 110/116 MP: 12/12
 15826 | D:13     | Received a gift from Trog
 16261 | Lair:1   | Entered Level 1 of the Lair of Beasts
 16374 | Lair:1   | Got a pitted ring mail
 16385 | Lair:1   | Identified the +0 ring mail of the Gusle {SInv} (You found it on level 1 of the Lair of Beasts)
 16480 | Lair:1   | Reached skill level 17 in Axes
 17429 | Lair:2   | Noticed Nergalle
 17436 | Lair:2   | Killed Nergalle
 17640 | Lair:2   | Found a staircase to the Shoals.
 17805 | Lair:2   | Found a staircase to the Snake Pit.
 19288 | Lair:4   | Reached skill level 18 in Axes
 19737 | Lair:4   | Noticed Harold
 19751 | Lair:4   | Killed Harold
 20193 | Lair:5   | Received a gift from Trog
 20515 | Lair:5   | Reached XP level 14. HP: 97/127 MP: 13/13
 21156 | Lair:6   | Entered Level 6 of the Lair of Beasts
 21675 | Lair:6   | Received a gift from Trog
 21807 | Lair:6   | Found a staircase to the Slime Pits.
 21811 | Lair:6   | Noticed Jannitor's ghost (journeyman MiFi)
 21852 | Lair:6   | Killed Jannitor's ghost
 21876 | Lair:6   | Noticed Kirke
 21890 | Lair:6   | Killed Kirke
 22728 | Slime:1  | Entered Level 1 of the Pits of Slime
 22728 | Slime:1  | Noticed an acid blob
 22728 | Slime:1  | Noticed an acid blob
 22947 | Orc:1    | Entered Level 1 of the Orcish Mines
 22947 | Orc:1    | Noticed an orc warlord
 22986 | D:12     | Killed an orc warlord
 23115 | Orc:1    | Found Anler's Assorted Antiques.
 23123 | Orc:1    | Found Cieblos's Weapon Shop.
 23162 | Orc:1    | Reached ****** piety under Trog
 23257 | Orc:1    | Received a gift from Trog
 23446 | Orc:2    | Entered Level 2 of the Orcish Mines
 23494 | Orc:2    | Found Zokhloghu's Distillery.
 23597 | Orc:2    | Found a staircase to the Elven Halls.
 23692 | Orc:2    | Found a burning altar of Makhleb.
 23904 | Orc:2    | Received a gift from Trog
 24151 | Orc:2    | Found Etewn's Antique Weapon Emporium.
 24171 | Orc:2    | Found a radiant altar of Vehumet.
 24197 | Orc:2    | Found Tommutoim's Distillery.
 24229 | Orc:2    | Found an ancient bone altar of Kikubaaqudgha.
 24239 | Orc:2    | Bought a potion of resistance for 140 gold pieces
 24279 | Orc:2    | Found a roughly hewn altar of Beogh.
 24286 | Orc:2    | Reached skill level 15 in Shields
 24287 | Orc:2    | Found Ikhiynloch's Antique Armour Shoppe.
 24309 | Orc:2    | Found Hywneu's Book Shoppe.
 24312 | Orc:2    | Bought a glowing cloak for 195 gold pieces
 24617 | Elf:1    | Entered Level 1 of the Elven Halls
 24630 | Orc:2    | Reached XP level 15. HP: 125/138 MP: 14/14
 25155 | Elf:1    | Noticed a Hell Sentinel
 25165 | Elf:1    | Noticed an Ice Fiend
 26117 | Elf:1    | Found a deep blue altar of Sif Muna.
 26123 | Elf:1    | Reached skill level 15 in Fighting
 26126 | Elf:1    | Reached skill level 15 in Armour
 26314 | Elf:1    | Noticed a deep elf sorcerer
 26329 | Elf:1    | Killed from afar by a deep elf sorcerer

Skill      XL: |  1  2  3  4  5  6  7  8  9 10 11 12 13 14 15 |
---------------+----------------------------------------------+-----
Fighting       | 4 5 6 7 8 10 11 12 14 15 | 15.1
Axes           | 4 5 6 8 9 11 12 13 15 16 18 | 18.0
Shields        | 1 2 3 5 7 9 10 12 15 | 15.0
Armour         | 3 4 6 7 8 10 11 12 14 15 | 15.1
Dodging        | 3 5 |  5.7

Action                   |  1- 3 |  4- 6 |  7- 9 | 10-12 | 13-15 || total
-------------------------+-------+-------+-------+-------+-------++-------
Melee: Hand axe          |    60 |    30 |       |       |       ||    90
       Headbutt          |    10 |    25 |    54 |   155 |   210 ||   454
       War axe           |       |    95 |   253 |   342 |       ||   690
       Broad axe         |       |       |       |   338 |   862 ||  1200
Invok: Trog's Hand       |     1 |     4 |       |     4 |    10 ||    19
       Berserk           |       |     2 |     2 |     8 |     1 ||    13
       Burn Spellbooks   |       |     1 |       |     3 |     3 ||     7
  Use: Scroll            |       |     3 |     1 |    17 |     8 ||    29
       Potion            |       |       |       |     3 |     1 ||     4
 Stab: Sleeping          |       |       |       |     3 |       ||     3
       Distracted        |       |       |       |     1 |       ||     1
  Eat: Ration            |       |     2 |     1 |     3 |     8 ||    14
       Chunk             |       |     5 |    12 |    25 |    11 ||    53
Armor: Animal skin       |     4 |       |       |       |       ||     4
       Ring mail         |     1 |       |       |    17 |       ||    18
       Robe              |     1 |       |       |       |       ||     1
       Scale mail        |       |     4 |       |       |       ||     4
       Chain mail        |       |    44 |    77 |   143 |       ||   264
       Plate armour      |       |       |       |     8 |   213 ||   221
Dodge: Dodged            |    28 |    46 |    47 |   181 |   193 ||   495
Block: Buckler           |     1 |    10 |       |       |       ||    11
       Shield            |       |     7 |    95 |   403 |   543 ||  1048
       Reflection        |       |       |       |    16 |    17 ||    33
